| TOP OF THE 1ST |
|
Daytona Beach Islanders batting - Pitching for Miami Whales : LHP Alex Gomez
|
|
Pitching: LHP Alex Gomez
|
|
|
Batting: SHB Michael Frierson
|
0-0: Bunted foul 0-1: Foul Ball, location: 2F 0-2: Foul Ball, location: 2F 0-2: Hit by Pitch
|
|
Batting: RHB Kalvin Adams
|
0-0: Ball 1-0: Called Strike 1-1: Swinging Strike 1-2: Ball 2-2: Ground out 4-3 (Groundball, 13, EV 88.1 MPH) Michael Frierson to second
|
|
Batting: SHB Randle Granger
|
0-0: Called Strike 0-1: Ball 1-1: Foul Ball, location: 2F 1-2: Ball 2-2: Ground out 3-1 (Groundball, 3S, EV 63.1 MPH) Michael Frierson to third
|
|
Batting: RHB Michael Lavery
|
0-0: Ball 1-0: Ball 2-0: Called Strike 2-1: Ball 3-1: Base on Balls
|
|
Batting: RHB Steven Roberts
|
0-0: Called Strike 0-1: Ball 1-1: Called Strike 1-2: Ball 2-2: Ball 3-2: Foul Ball, location: 2F 3-2: Base on Balls Michael Lavery to second
|
|
Batting: RHB Steven Houlberg
|
0-0: Called Strike 0-1: Foul Ball, location: 2F 0-2: Ball 1-2: Foul Ball, location: 2F 1-2: Ball 2-2: Strikes out swinging
|
| Top of the 1st over - 0 runs, 0 hits, 0 errors, 3 left on base; Daytona Beach 0 - Miami 0 |
| BOTTOM OF THE 1ST |
|
Miami Whales batting - Pitching for Daytona Beach Islanders : RHP Michael Moore
|
|
Pitching: RHP Michael Moore
|
|
|
Batting: SHB Ramon Alcantara
|
0-0: Ball 1-0: Ball 2-0: Ball 3-0: Base on Balls
|
|
Batting: SHB Philip Rossi
|
0-0: Ball 1-0: Ball 2-0: Foul Ball, location: 2F 2-1: SINGLE (Groundball, 34S, EV 70.6 MPH) (infield hit) Ramon Alcantara to second
|
|
Batting: RHB Tom Grant
|
0-0: Ball 1-0: Called Strike Ramon Alcantara steals 3rd base (no throw) 1-1: Ball 2-1: Foul Ball, location: 2F 2-2: Ball 3-2: Reached on error, E5 (Groundball, 56S, EV 66.9 MPH) Ramon Alcantara scores Philip Rossi to third
|
|
Batting: LHB Lorenzo Bundy
|
0-0: SINGLE (Groundball, 4MD, EV 106.9 MPH) Philip Rossi scores Tom Grant to third
|
|
Batting: RHB Rafael Ortega
|
0-0: Called Strike 0-1: Ball 1-1: Ball 2-1: Foul Ball, location: 2F 2-2: Grounds into double play, 5-4-3 (Groundball, 5, EV 86.9 MPH) Tom Grant scores
|
|
Batting: RHB Steve Benson
|
0-0: Ball 1-0: Ball 2-0: Called Strike 2-1: Ball 3-1: Foul Ball, location: 2F 3-2: Ground out 6-3 (Groundball, 6S, EV 82.5 MPH)
|
| Bottom of the 1st over - 3 runs, 2 hits, 1 error, 0 left on base; Daytona Beach 0 - Miami 3 |
| TOP OF THE 2ND |
|
Daytona Beach Islanders batting - Pitching for Miami Whales : LHP Alex Gomez
|
|
Batting: RHB Jeffrey Coker
|
0-0: Called Strike 0-1: Swinging Strike 0-2: Ball 1-2: Foul Ball, location: 2F 1-2: Ball 2-2: Ball 3-2: Foul Ball, location: 2F 3-2: Strikes out swinging
|
|
Batting: RHB Robert Whitfield
|
0-0: Called Strike 0-1: Ball 1-1: Ball 2-1: Ground out 4-3 (Groundball, 4, EV 82.5 MPH)
|
|
Batting: RHB Tarry Boelter
|
0-0: Fly out, F7 (Flyball, 7S, EV 83.1 MPH)
|
| Top of the 2nd over - 0 runs, 0 hits, 0 errors, 0 left on base; Daytona Beach 0 - Miami 3 |
| BOTTOM OF THE 2ND |
|
Miami Whales batting - Pitching for Daytona Beach Islanders : RHP Michael Moore
|
|
Batting: RHB Ramon Cardenas
|
0-0: Foul Ball, location: 2F 0-1: Hit by Pitch
|
|
Batting: RHB Ron Sorey
|
0-0: Ball 1-0: Called Strike 1-1: Foul Ball, location: 2F 1-2: Ball 2-2: Ball 3-2: Strikes out swinging
|
|
Batting: SHB Santiago Fernandez
|
0-0: Ball 1-0: Called Strike 1-1: Called Strike 1-2: Ball 2-2: Ball 3-2: Foul Ball, location: 2F 3-2: Fly out, F8 (Flyball, 8RM, EV 80.0 MPH)
|
|
Batting: SHB Ramon Alcantara
|
0-0: Called Strike 0-1: Ball 1-1: Foul Ball, location: 2F 1-2: Ball Ramon Cardenas steals 2nd base 2-2: Strikes out swinging
|
| Bottom of the 2nd over - 0 runs, 0 hits, 0 errors, 1 left on base; Daytona Beach 0 - Miami 3 |
| TOP OF THE 3RD |
|
Daytona Beach Islanders batting - Pitching for Miami Whales : LHP Alex Gomez
|
|
Batting: SHB Michael Frierson
|
0-0: Foul Ball, location: 2F 0-1: Swinging Strike 0-2: Strikes out looking
|
|
Batting: RHB Kalvin Adams
|
0-0: Called Strike 0-1: Ground out 6-3 (Groundball, 6M, EV 110.6 MPH)
|
|
Batting: SHB Randle Granger
|
0-0: Called Strike 0-1: Ball 1-1: Fly out, F9 (Line Drive, 9, EV 95.6 MPH)
|
| Top of the 3rd over - 0 runs, 0 hits, 0 errors, 0 left on base; Daytona Beach 0 - Miami 3 |
| BOTTOM OF THE 3RD |
|
Miami Whales batting - Pitching for Daytona Beach Islanders : RHP Michael Moore
|
|
Batting: SHB Philip Rossi
|
0-0: SINGLE (Line Drive, 7S, EV 101.3 MPH)
|
|
Batting: RHB Tom Grant
|
0-0: Called Strike Philip Rossi steals 2nd base 0-1: Ball 1-1: Foul Ball, location: 2F 1-2: Foul Ball, location: 2F 1-2: Fly out, F8 (Flyball, 8RD, EV 91.3 MPH) Runner from 2nd tags up, SAFE at 3rd with throw by CF
|
|
Batting: LHB Lorenzo Bundy
|
0-0: Ball 1-0: Ball 2-0: Foul Ball, location: 2F 2-1: Foul Ball, location: 2F 2-2: Ground out 1-3 (Groundball, 13S, EV 70.6 MPH)
|
|
Batting: RHB Rafael Ortega
|
0-0: Ground out U3 (Groundball, 34, EV 107.5 MPH)
|
| Bottom of the 3rd over - 0 runs, 1 hit, 0 errors, 1 left on base; Daytona Beach 0 - Miami 3 |
| TOP OF THE 4TH |
|
Daytona Beach Islanders batting - Pitching for Miami Whales : LHP Alex Gomez
|
|
Batting: RHB Michael Lavery
|
0-0: Fly out, F8 (Flyball, 89S, EV 76.3 MPH)
|
|
Batting: RHB Steven Roberts
|
0-0: Called Strike 0-1: Ball 1-1: Foul Ball, location: 2F 1-2: SOLO HOME RUN (Flyball, 9D, EV 93.1 MPH), Distance : 374 ft
|
|
Batting: RHB Steven Houlberg
|
0-0: Foul Ball, location: 2F 0-1: Called Strike 0-2: Ball 1-2: Foul Ball, location: 2F 1-2: Ball 2-2: Strikes out swinging
|
|
Batting: RHB Jeffrey Coker
|
0-0: Foul Ball, location: 2F 0-1: Ground out U3 (Groundball, 3L, EV 101.3 MPH)
|
| Top of the 4th over - 1 run, 1 hit, 0 errors, 0 left on base; Daytona Beach 1 - Miami 3 |
| BOTTOM OF THE 4TH |
|
Miami Whales batting - Pitching for Daytona Beach Islanders : RHP Michael Moore
|
|
Batting: RHB Steve Benson
|
0-0: Ball 1-0: Reached on error, E4 (Groundball, 4, EV 84.4 MPH)
|
|
Batting: RHB Ramon Cardenas
|
0-0: Called Strike 0-1: Ball 1-1: Fly out, F9 (Flyball, 9, EV 92.5 MPH)
|
|
Batting: RHB Ron Sorey
|
0-0: Called Strike 0-1: Called Strike 0-2: Foul Ball, location: 2F 0-2: Reached on error, E2 (Groundball, 15S, EV 71.9 MPH) Steve Benson to third
|
|
Batting: SHB Santiago Fernandez
|
0-0: Ball 1-0: SINGLE (Groundball, 4MD, EV 109.4 MPH) Steve Benson scores Ron Sorey to third Runner from 3rd tries for Home, throw by CF and OUT! 8-2
|
|
Batting: SHB Ramon Alcantara
|
0-0: Called Strike 0-1: Ball 1-1: Ball 2-1: Foul Ball, location: 2F 2-2: Ball 3-2: Foul Ball, location: 2F 3-2: Foul Ball, location: 2F 3-2: Fly out, F7 (Flyball, 7S, EV 91.9 MPH)
|
| Bottom of the 4th over - 1 run, 1 hit, 2 errors, 1 left on base; Daytona Beach 1 - Miami 4 |
| TOP OF THE 5TH |
|
Daytona Beach Islanders batting - Pitching for Miami Whales : LHP Alex Gomez
|
|
Batting: RHB Robert Whitfield
|
0-0: Ball 1-0: Fly out, F9 (Flyball, 9S, EV 95.0 MPH)
|
|
Batting: RHB Tarry Boelter
|
0-0: Ball 1-0: Called Strike 1-1: Foul Ball, location: 2F 1-2: Foul Ball, location: 2F 1-2: Foul Ball, location: 2F 1-2: Ball 2-2: Foul Ball, location: 2F 2-2: Ball 3-2: Foul Ball, location: 2F 3-2: Foul Ball, location: 2F 3-2: Foul Ball, location: 2F 3-2: Foul Ball, location: 2F 3-2: Foul Ball, location: 2F 3-2: Base on Balls
|
|
Batting: SHB Michael Frierson
|
0-0: Ball 1-0: Ball 2-0: Ball 3-0: Base on Balls Tarry Boelter to second
|
|
Batting: RHB Kalvin Adams
|
0-0: SINGLE (Line Drive, 8RS, EV 102.5 MPH) Tarry Boelter to third Michael Frierson to second
|
|
Batting: SHB Randle Granger
|
0-0: Called Strike 0-1: Foul Ball, location: 2F 0-2: Ball 1-2: Ball 2-2: Ball 3-2: Foul Ball, location: 2F 3-2: Foul Ball, location: 2F 3-2: Foul Ball, location: 2F 3-2: Strikes out swinging
|
|
Batting: RHB Michael Lavery
|
0-0: Called Strike 0-1: Ball 1-1: Foul Ball, location: 2F 1-2: Ball Wild Pitch! Tarry Boelter scores Michael Frierson to third Kalvin Adams to second 2-2: Foul Ball, location: 2F 2-2: Strikes out swinging
|
| Top of the 5th over - 1 run, 1 hit, 0 errors, 2 left on base; Daytona Beach 2 - Miami 4 |
| BOTTOM OF THE 5TH |
|
Miami Whales batting - Pitching for Daytona Beach Islanders : RHP Michael Moore
|
|
Batting: SHB Philip Rossi
|
0-0: Ball 1-0: Foul Ball, location: 2F 1-1: Swinging Strike 1-2: Foul Ball, location: 2F 1-2: Ball 2-2: Ground out 4-3 (Groundball, 4, EV 86.9 MPH)
|
|
Batting: RHB Tom Grant
|
0-0: Ball 1-0: Ball 2-0: Ground out 6-3 (Groundball, 6, EV 106.3 MPH)
|
|
Batting: LHB Lorenzo Bundy
|
0-0: Ball 1-0: Swinging Strike 1-1: SINGLE (Groundball, 4MD, EV 103.1 MPH)
|
|
Batting: RHB Rafael Ortega
|
0-0: Ball 1-0: Hit by Pitch Lorenzo Bundy to second
|
|
Batting: RHB Steve Benson
|
0-0: Called Strike 0-1: Called Strike 0-2: Ball 1-2: Fly out, F7 (Flyball, 78XD, EV 91.3 MPH)
|
| Bottom of the 5th over - 0 runs, 1 hit, 0 errors, 2 left on base; Daytona Beach 2 - Miami 4 |
| TOP OF THE 6TH |
|
Daytona Beach Islanders batting - Pitching for Miami Whales : LHP Alex Gomez
|
|
Batting: RHB Steven Roberts
|
0-0: Ball 1-0: Swinging Strike 1-1: Ball 2-1: Foul Ball, location: 2F 2-2: Ball 3-2: Fly out, F7 (Flyball, 78M, EV 85.6 MPH)
|
|
Batting: RHB Steven Houlberg
|
0-0: Ground out 4-3 (Groundball, 4, EV 85.6 MPH)
|
|
Batting: RHB Jeffrey Coker
|
0-0: Fly out, F3 (Flyball, 3D, EV 96.3 MPH)
|
| Top of the 6th over - 0 runs, 0 hits, 0 errors, 0 left on base; Daytona Beach 2 - Miami 4 |
| BOTTOM OF THE 6TH |
|
Miami Whales batting - Pitching for Daytona Beach Islanders : RHP Michael Moore
|
|
Batting: RHB Ramon Cardenas
|
0-0: Fly out, F2 (Popup, 25F, EV 81.9 MPH)
|
|
Batting: RHB Ron Sorey
|
0-0: Foul Ball, location: 2F 0-1: Ball 1-1: Called Strike 1-2: SINGLE (Line Drive, 4MD, EV 102.5 MPH)
|
|
Batting: SHB Santiago Fernandez
|
0-0: Grounds into double play, 4-6-3 (Groundball, 4, EV 103.8 MPH)
|
| Bottom of the 6th over - 0 runs, 1 hit, 0 errors, 0 left on base; Daytona Beach 2 - Miami 4 |
| TOP OF THE 7TH |
|
Daytona Beach Islanders batting - Pitching for Miami Whales : LHP Alex Gomez
|
|
Batting: RHB Robert Whitfield
|
0-0: Ground out 6-3 (Groundball, 6, EV 83.8 MPH)
|
|
Batting: RHB Tarry Boelter
|
0-0: Foul Ball, location: 2F 0-1: Swinging Strike 0-2: Strikes out swinging
|
|
Batting: SHB Michael Frierson
|
0-0: Ball 1-0: Called Strike 1-1: Ball 2-1: Foul Ball, location: 2F 2-2: Foul Ball, location: 2F 2-2: Ball 3-2: Strikes out swinging
|
| Top of the 7th over - 0 runs, 0 hits, 0 errors, 0 left on base; Daytona Beach 2 - Miami 4 |
| BOTTOM OF THE 7TH |
|
Miami Whales batting - Pitching for Daytona Beach Islanders : RHP Michael Moore
|
|
Batting: SHB Ramon Alcantara
|
0-0: Called Strike 0-1: Foul Ball, location: 2F 0-2: Foul Ball, location: 2F 0-2: Ball 1-2: Ball 2-2: Ball 3-2: Base on Balls
|
|
Batting: SHB Philip Rossi
|
0-0: Bunt missed! 0-1: Sac Bunt to 5S - play at first, batter OUT! 5-4 Ramon Alcantara to second
|
|
Batting: RHB Tom Grant
|
0-0: Foul Ball, location: 2F 0-1: Called Strike 0-2: Ball 1-2: Foul Ball, location: 2F 1-2: Foul Ball, location: 2F 1-2: Ground out 6-3 (Groundball, 6, EV 104.4 MPH)
|
|
Batting: LHB Lorenzo Bundy
|
0-0: Intentional Walk
|
|
Batting: RHB Rafael Ortega
|
0-0: Foul Ball, location: 2F 0-1: Fielders Choice at 2nd, 5-4 (Groundball, 56, EV 79.4 MPH)
|
| Bottom of the 7th over - 0 runs, 0 hits, 0 errors, 2 left on base; Daytona Beach 2 - Miami 4 |
| TOP OF THE 8TH |
|
Daytona Beach Islanders batting - Pitching for Miami Whales : LHP Alex Gomez
|
|
Batting: RHB Kalvin Adams
|
0-0: Called Strike 0-1: Ball 1-1: SINGLE (Groundball, 56D, EV 103.1 MPH)
|
|
Batting: SHB Randle Granger
|
0-0: Ball 1-0: Ball 2-0: Ball 3-0: Ground out 4-3 (Groundball, 13, EV 90.0 MPH) Kalvin Adams to second
|
|
Batting: RHB Michael Lavery
|
0-0: Ball 1-0: Foul Ball, location: 2F 1-1: Called Strike 1-2: Ball 2-2: Strikes out swinging
|
|
Batting: RHB Steven Roberts
|
0-0: Fly out, F9 (Flyball, 9S, EV 90.0 MPH)
|
| Top of the 8th over - 0 runs, 1 hit, 0 errors, 1 left on base; Daytona Beach 2 - Miami 4 |
| BOTTOM OF THE 8TH |
|
Miami Whales batting - Pitching for Daytona Beach Islanders : RHP Michael Moore
|
|
Batting: RHB Steve Benson
|
0-0: Fly out, F6 (Popup, 56, EV 53.8 MPH)
|
|
Pitching: RHP Nelson Munoz
|
|
|
Batting: RHB Ramon Cardenas
|
0-0: Swinging Strike 0-1: Ball 1-1: Fly out, F9 (Flyball, 89S, EV 95.6 MPH)
|
|
Batting: RHB Ron Sorey
|
0-0: Ball 1-0: Ground out 6-3 (Groundball, 6, EV 103.1 MPH)
|
| Bottom of the 8th over - 0 runs, 0 hits, 0 errors, 0 left on base; Daytona Beach 2 - Miami 4 |
| TOP OF THE 9TH |
|
Daytona Beach Islanders batting - Pitching for Miami Whales : LHP Alex Gomez
|
|
Batting: RHB Steven Houlberg
|
0-0: Ball 1-0: Ball 2-0: Ball 3-0: Called Strike 3-1: Foul Ball, location: 2F 3-2: Base on Balls
|
|
Batting: RHB Jeffrey Coker
|
0-0: Ball 1-0: Ball 2-0: Fly out, F8 (Flyball, 8RS, EV 89.4 MPH)
|
|
Batting: RHB Robert Whitfield
|
0-0: Swinging Strike 0-1: Called Strike 0-2: Ball 1-2: Ball 2-2: Strikes out swinging
|
|
Batting: RHB Tarry Boelter
|
0-0: Called Strike 0-1: Ball 1-1: Fly out, F7 (Flyball, 7LM, EV 82.5 MPH)
|
| Top of the 9th over - 0 runs, 0 hits, 0 errors, 1 left on base; Daytona Beach 2 - Miami 4 |
|